 Dungeon Crawl Stone Soup version 0.22-a0-512-g0943f25 (webtiles) character file.

20866 emperorscorpion the Impaler (level 12, -20/97 HPs)
             Began as a Merfolk Gladiator on June 18, 2018.
             Was a High Priest of Wu Jian.
             Demolished by a very large slime creature (28 damage)
             ... on level 13 of the Dungeon.
             The game lasted 00:34:35 (14536 turns).

emperorscorpion the Impaler (Merfolk Gladiator)    Turns: 14536, Time: 00:34:36

Health: -20/97     AC: 35    Str: 19    XL:     12   Next: 84%
Magic:  13/13      EV:  9    Int:  9    God:    Wu Jian [*****.]
Gold:   739        SH:  0    Dex: 16    Spells: 11/11 levels left

rFire    . . .     SeeInvis +   a - +1 glaive (vamp)
rCold    . . .     Gourm    .   (shield currently unavailable)
rNeg     + + +     Faith    .   s - +10 plate armour of Noon {rN++}
rPois    .         Spirit   .   c - +1 helmet
rElec    .         Reflect  .   L - +2 cloak
rCorr    .         Harm     .   (no gloves)
MR       .....                  V - +2 pair of boots
Stlth    ..........             g - amulet of the acrobat
HPRegen  0.26/turn              (no ring)
MPRegen  0.13/turn              X - ring of positive energy

@: no status effects
A: change form in water, swift swim, stealthy swim, yellow scales 1, camouflage
1, see invisible, clever 1
a: Wall Jump, Serpent's Lash, Heavenly Storm, Renounce Religion


You were on level 13 of the Dungeon.
You worshipped Wu Jian.
Wu Jian was extremely pleased with you.
You were not hungry.

You visited 2 branches of the dungeon, and saw 14 of its levels.
You also visited: Ossuary.

You collected 1020 gold pieces.
You spent 281 gold pieces at shops.

Inventory:

Hand Weapons
 a - a +1 vampiric glaive (weapon)
 M - a +1 trident
Missiles
 d - 3 throwing nets (quivered)
 u - 36 poisoned needles
 Q - 11 tomahawks
 S - 7 curare-tipped needles
 Y - 5 javelins
Armour
 c - a +1 helmet (worn)
 s - the +10 plate armour of Noon (worn) {rN++}
   (You found it on level 4 of the Dungeon)

   It greatly protects you from negative energy.
 L - a +2 cloak (worn)
 V - a +2 pair of boots (worn)
Jewellery
 g - an amulet of the acrobat (around neck)
 B - an uncursed ring of wizardry
 X - a ring of positive energy (right hand)
Wands
 b - a wand of acid (14)
 j - a wand of paralysis (6)
 t - a wand of flame (31)
 F - a wand of iceblast (10)
 G - a wand of polymorph (12)
 J - a wand of disintegration (18)
 O - a wand of random effects (39)
Scrolls
 l - 2 scrolls of immolation
 n - 5 scrolls of remove curse
 q - 2 scrolls of enchant weapon
 y - 3 scrolls of fog
 C - a scroll of amnesia
 E - 3 scrolls of teleportation
 I - 3 scrolls of blinking
 R - 2 scrolls of enchant armour
 T - 2 scrolls of magic mapping
Potions
 e - 2 potions of invisibility
 i - 11 potions of curing
 m - 4 potions of magic
 o - 6 potions of resistance
 p - a potion of might
 r - a potion of berserk rage
 v - 2 potions of heal wounds
 w - a potion of flight {unknown}
 x - 2 potions of agility
 z - 6 potions of haste
 D - a potion of lignification
 N - 3 potions of mutation
 P - a potion of cancellation
 W - 4 potions of brilliance
Miscellaneous
 k - a lamp of fire
 U - a phantom mirror
 Z - a box of beasts
Comestibles
 f - 23 rations
 h - 8 chunks of flesh


   Skills:
 + Level 10.0 Fighting
 + Level 18.1 Polearms
 + Level 2.2 Throwing
 * Level 9.2 Armour
 * Level 6.7 Dodging
 + Level 4.7 Stealth
 + Level 1.6 Evocations


You had 11 spell levels left.
You didn't know any spells.
Your spell library contained the following spells:

 Spells                   Type           Power        Failure   Level  Hunger
 Lightning Bolt           Conj/Air       #.........   100%        5    ######.
 Animate Dead             Necr           N/A          100%        4    #####..
 Pain                     Necr           #...         100%        1    ##.....
 Animate Skeleton         Necr           N/A          100%        1    ##.....
 Vampiric Draining        Necr           #.........   100%        3    ####...
 Regeneration             Chrm/Necr      #.........   100%        3    ####...
 Shock                    Conj/Air       #...         100%        1    ##.....
 Swiftness                Chrm/Air       #.......     100%        2    ###....
 Airstrike                Air            #.........   100%        4    #####..
 Static Discharge         Conj/Air       #.......     100%        3    ####...
 Sandblast                Erth           #.....       100%        1    ##.....


Dungeon Overview and Level Annotations

Branches:
Dungeon (13/15)            Temple (1/1) D:4            Lair (0/6) D:11
    Orc (0/2) D:12
 Vaults: D:13-14

Altars:
Ashenzari
Cheibriados
Dithmenos
Elyvilon
Fedhas
Gozag
Hepliaklqana
Kikubaaqudgha
Makhleb
Nemelex Xobeh
Okawaru
Qazlal
Ru
Sif Muna
Trog
Uskayaw
Vehumet
Wu Jian
Xom
Yredelemnul
Zin
The Shining One
Beogh

Shops:
D:6 *   D:13 *

Annotations:
D:4 exclusion: oklob plant
D:13 1 runed door, Ynaistral's ghost, journeyman MiFi


Innate Abilities, Weirdness & Mutations

You revert to your normal form in water.
You are very nimble and swift while swimming.
You are very stealthy in the water. (Stealth+)
You are partially covered in yellow scales. (AC +2)
Your skin changes colour to match your surroundings (Stealth+).
You have supernaturally acute eyesight. (SInv)
Your mind is acute. (Int +2)


Message History

There is a stone staircase leading up here.
Evoke which item? (* to show all) (? for menu, Esc to quit)
Aiming: Paralyse
Press: ? - help, Shift-Dir - straight line, f - very large slime creature
Aim: a very large slime creature (heavily wounded, chance to defeat MR: 32%)
The very large slime creature easily resists.
Evoke which item? (* to show all) (? for menu, Esc to quit)
Aiming: Paralyse
Press: ? - help, Shift-Dir - straight line, f/p - very large slime creature
Aim: a very large slime creature (heavily wounded, chance to defeat MR: 32%)
The very large slime creature easily resists.
The very large slime creature hits you!
* * * LOW HITPOINT WARNING * * *
Evoke which item? (* to show all) (? for menu, Esc to quit)
Aiming: Paralyse
Press: ? - help, Shift-Dir - straight line, f/p - very large slime creature
Aim: a very large slime creature (heavily wounded, chance to defeat MR: 32%)
The very large slime creature easily resists.
The very large slime creature hits you!!
You die...

#. #. ## . #. .##
.. #. .. ... ###
##### .. ....###
###.# #...# .#
....... #...#
###.. .##
.......#####.###
### =.#
#.@JH...#### #
#.# ######.>...##
# #.#
#....##..#### #
#.#
##J######....####
#[# ##..#
####..... #.#
##..## ###### #.#
####H.## # #H#
#....## # #.#
##.#### ##


You could see a very large slime creature and a manticore.

Vanquished Creatures
  Nessos (D:12)
  Erolcha (D:9)
  Erica (D:9)
  4 two-headed ogres
  Urug (D:13)
  An unseen horror (shapeshifter) (D:12)
  An unseen horror (D:11)
  Pikel (D:5)
  2 deep elf magi (D:12)
  A cyclops (D:13)
  Joseph (D:9)
  Maurice (D:8)
  A centaur zombie (D:11)
  A gargoyle (D:11)
  2 trolls
  A queen bee (D:8)
  Prince Ribbit (D:7)
  4 slime creatures (D:12)
  A hippogriff (D:8)
  A wraith (D:13)
  4 yaks
  A wyvern (D:12)
  A hungry ghost (D:10)
  Eustachio (D:4)
  Grum (D:8)
  Menkaure (D:7)
  An acid dragon (D:11)
  A water moccasin (D:9)
  Duvessa (D:7)
  9 orc warriors
  An ice beast (D:9)
  2 necrophages
  10 ogres
  A phantom (D:10)
  An eye of draining (D:12)
  10 centaurs
  3 wolves (D:8)
  Blork the orc (D:5)
  4 big kobolds (D:12)
  An elf zombie (D:5)
  6 gnoll sergeants
  5 bullfrogs
  A wyvern zombie (D:7)
  An elf skeleton (D:5)
  3 water moccasin zombies (Ossuary)
  Dowan (D:7)
  3 scorpions
  13 killer bees
  14 wights
  2 howler monkeys (D:7)
  A crimson imp (D:11)
  4 quasits
  4 hounds
  6 orc priests
  Crazy Yiuf (D:5)
  2 bullfrog skeletons
  2 centaur skeletons
  3 human skeletons (D:5)
  6 iguanas
  13 orc wizards
  8 worker ants
  4 big kobold zombies (Ossuary)
  A hound skeleton (D:7)
  2 mummies (Ossuary)
  2 worker ant zombies
  A howler monkey zombie (D:11)
  A howler monkey skeleton (D:9)
  13 adders
  7 gnolls
  3 shadow imps
  3 oozes
  2 adder zombies
  3 worms
  A dart slug (D:2)
  7 leopard geckos
  59 orcs
  2 ball pythons
  3 giant cockroaches
  4 goblins
  12 hobgoblins
  6 kobolds
  4 quokkas
  8 bats
  4 frilled lizards
  2 gnoll zombies (Ossuary)
  8 hobgoblin zombies (Ossuary)
  A jackal skeleton (D:5)
  7 kobold zombies (Ossuary)
  A leopard gecko skeleton (D:4)
  An orc skeleton (D:5)
  12 orc zombies (Ossuary)
  10 rats
376 creatures vanquished.

Vanquished Creatures (others)
  A two-headed ogre (D:13)
  An ogre (D:13)
2 creatures vanquished.

Grand Total: 378 creatures vanquished

Notes
Turn   | Place    | Note
-------+----------+-------------------------------------------
     0 | D:1      | emperorscorpion the Merfolk Gladiator began the quest for the Orb.
     0 | D:1      | Reached XP level 1. HP: 16/16 MP: 1/1
    14 | D:1      | Reached XP level 2. HP: 20/22 MP: 2/2
   739 | D:2      | Reached XP level 3. HP: 27/27 MP: 3/3
   759 | D:2      | Reached skill level 5 in Polearms
  1226 | D:2      | Found a stormy altar of Qazlal.
  1234 | D:2      | Reached XP level 4. HP: 33/34 MP: 4/4
  1327 | D:2      | Noticed an ogre
  1338 | D:2      | Killed an ogre
  1338 | D:2      | Reached skill level 6 in Polearms
  1338 | D:2      | Reached skill level 5 in Dodging
  1338 | D:2      | Reached skill level 1 in Stealth
  1338 | D:2      | Reached XP level 5. HP: 41/41 MP: 5/5
  1632 | D:3      | Reached skill level 1 in Armour
  2047 | D:3      | Reached XP level 6. HP: 46/47 MP: 6/6
  2387 | D:3      | Reached skill level 7 in Polearms
  2555 | D:4      | Noticed Eustachio
  2574 | D:4      | Killed Eustachio
  2574 | D:4      | Reached skill level 8 in Polearms
  2574 | D:4      | Reached XP level 7. HP: 51/53 MP: 7/7
  2959 | D:4      | Got a heavily runed plate armour
  2960 | D:4      | Identified the +10 plate armour of Noon {rN++} (You found it on level 4 of the Dungeon)
  3111 | D:4      | Found a blossoming altar of Fedhas.
  3126 | D:4      | Noticed an oklob plant
  3274 | D:4      | Found a staircase to the Ecumenical Temple.
  3280 | Temple   | Entered the Ecumenical Temple
  3869 | D:5      | Entered Level 5 of the Dungeon
  3906 | D:5      | Reached skill level 9 in Polearms
  4023 | D:5      | Reached XP level 8. HP: 58/60 MP: 8/8
  4113 | D:5      | Found a sand-covered staircase.
  4139 | D:5      | Reached skill level 10 in Polearms
  4143 | Ossuary  | Entered an ossuary
  4365 | Ossuary  | Reached skill level 5 in Fighting
  4672 | D:5      | Found a faded altar of an unknown god.
  4672 | D:5      | Found a white marble altar of Elyvilon.
  4677 | D:5      | Found a faded altar of an unknown god.
  4679 | D:5      | Found an ornate altar of the Wu Jian Council.
  4685 | D:5      | Found a glowing golden altar of the Shining One.
  4691 | D:5      | Became a worshipper of the Wu Jian Council
  4810 | D:5      | Reached skill level 11 in Polearms
  5010 | D:5      | Noticed Pikel
  5024 | D:5      | Paralysed by Pikel for 2 turns
  5033 | D:5      | Paralysed by Pikel for 5 turns
  5094 | D:5      | Killed Pikel
  5094 | D:5      | Reached skill level 12 in Polearms
  5094 | D:5      | Reached XP level 9. HP: 26/69 MP: 9/9
  5341 | D:5      | Noticed Blork the orc
  5365 | D:5      | Killed Blork the orc
  5626 | D:5      | Found a runed door.
  5630 | D:5      | Noticed Crazy Yiuf
  5637 | D:5      | Killed Crazy Yiuf
  6069 | D:6      | Reached * piety under Wu Jian
  6374 | D:6      | Reached skill level 13 in Polearms
  6573 | D:6      | Found Piamnol's General Store.
  6586 | D:6      | Bought a potion of mutation for 96 gold pieces
  6586 | D:6      | Bought a potion of invisibility for 96 gold pieces
  6586 | D:6      | Gained mutation: Your body sometimes deteriorates upon taking damage. [potion of mutation]
  6586 | D:6      | Gained mutation: Your body often deteriorates upon taking damage. [potion of mutation]
  6586 | D:6      | Gained mutation: You have supernaturally acute eyesight. (SInv) [potion of mutation]
  6586 | D:6      | Gained mutation: Your flesh is heat resistant. (rF+) [potion of mutation]
  6587 | D:6      | Lost mutation: Your body often deteriorates upon taking damage. [potion of mutation]
  6587 | D:6      | Lost mutation: Your flesh is heat resistant. (rF+) [potion of mutation]
  6587 | D:6      | Gained mutation: You tend to lose your temper in combat. [potion of mutation]
  6587 | D:6      | Gained mutation: Armour fits poorly on your strangely shaped body. [potion of mutation]
  6587 | D:6      | Lost mutation: You tend to lose your temper in combat. [potion of mutation]
  6587 | D:6      | Gained mutation: You evolve. [potion of mutation]
  6672 | D:7      | Noticed Prince Ribbit
  6681 | D:7      | Noticed Menkaure
  6706 | D:7      | Killed Menkaure
  6737 | D:7      | Killed Prince Ribbit
  6804 | D:7      | Reached XP level 10. HP: 61/77 MP: 10/10
  6996 | D:7      | Noticed Duvessa
  6996 | D:7      | Noticed Dowan
  7002 | D:7      | Killed Duvessa
  7008 | D:7      | Killed Dowan
  7008 | D:7      | Reached skill level 5 in Armour
  8025 | D:8      | Reached skill level 14 in Polearms
  8129 | D:8      | Found a shattered altar of Ashenzari.
  8519 | D:8      | Noticed Maurice
  8531 | D:8      | Killed Maurice
  8591 | D:8      | Noticed Grum
  8621 | D:8      | Killed Grum
  8621 | D:8      | Reached skill level 1 in Evocations
  8838 | D:8      | Lost mutation: You evolve. [potion of mutation]
  8838 | D:8      | Lost mutation: Armour fits poorly on your strangely shaped body. [potion of mutation]
  8838 | D:8      | Lost mutation: Your body sometimes deteriorates upon taking damage. [potion of mutation]
  8838 | D:8      | Gained mutation: You are partially covered in yellow scales. (AC +2) [potion of mutation]
  8838 | D:8      | Gained mutation: Your skin changes colour to match your surroundings (Stealth+). [potion of mutation]
  8838 | D:8      | Gained mutation: Your mind is acute. (Int +2) [potion of mutation]
  8928 | D:8      | Reached ** piety under Wu Jian
 10152 | D:9      | Noticed Joseph
 10163 | D:9      | Killed Joseph
 10317 | D:9      | Reached XP level 11. HP: 80/84 MP: 12/12
 10349 | D:9      | Noticed Erolcha
 10358 | D:9      | Killed Erolcha
 10660 | D:9      | Noticed Erica
 10668 | D:9      | Killed Erica
 10668 | D:9      | Reached skill level 15 in Polearms
 10783 | D:9      | Found a deep blue altar of Sif Muna.
 10796 | D:9      | Identified Sif Muna's Collected Works on the Rocks
 10924 | D:10     | Entered Level 10 of the Dungeon
 11026 | D:10     | Noticed a two-headed ogre
 11032 | D:10     | Killed a two-headed ogre
 11663 | D:11     | Noticed an unseen horror
 11676 | D:11     | Killed an unseen horror
 11686 | D:11     | Reached skill level 16 in Polearms
 11853 | D:11     | Found a staircase to the Lair.
 12254 | D:11     | Reached *** piety under Wu Jian
 12270 | D:11     | Found a roughly hewn altar of Beogh.
 12829 | D:12     | Reached XP level 12. HP: 92/94 MP: 13/13
 12914 | D:12     | Identified the +5 rapier "Hizon" {freeze, MR+ Str+2 Dex-5 Stlth+} (You found it on level 12 of the Dungeon)
 13101 | D:12     | Found a staircase to the Orcish Mines.
 13127 | D:12     | Reached skill level 17 in Polearms
 13127 | D:12     | Reached **** piety under Wu Jian
 13273 | D:12     | Noticed a two-headed ogre
 13277 | D:12     | Noticed a two-headed ogre
 13278 | D:12     | Killed a two-headed ogre
 13293 | D:12     | Killed a two-headed ogre
 13535 | D:12     | Noticed Nessos
 13551 | D:12     | Killed Nessos
 13770 | D:12     | Noticed a two-headed ogre
 13770 | D:12     | Noticed a shock serpent
 13770 | D:12     | a redback changed into a shock serpent
 13771 | D:12     | a shock serpent changed into a slime creature
 13775 | D:12     | Noticed a fire dragon
 13775 | D:12     | a slime creature changed into a fire dragon
 13788 | D:12     | a fire dragon changed into a slime creature
 13812 | D:12     | Killed a two-headed ogre
 14146 | D:13     | Reached skill level 18 in Polearms
 14212 | D:13     | Reached skill level 10 in Fighting
 14264 | D:13     | Found Soanuh's Assorted Antiques.
 14279 | D:13     | Bought a scroll of fog for 62 gold pieces
 14279 | D:13     | Bought a sedimented emerald potion for 27 gold pieces
 14293 | D:13     | Found a shadowy altar of Dithmenos.
 14337 | D:13     | Found a runed door.
 14337 | D:13     | Noticed Ynaistral's ghost (journeyman MiFi)
 14361 | D:13     | Killed a two-headed ogre
 14438 | D:13     | Noticed Urug
 14468 | D:13     | Killed Urug
 14470 | D:13     | Reached ***** piety under Wu Jian
 14536 | D:13     | Demolished by a very large slime creature

Vault maps used:
D:1:      tarquinn_simple_flora_water_c, minmay_misc_feat_columns
D:2:      cheibrodos_helix_gallery, grunt_qazlal_clouds
D:3:      first_ration
D:4:      tgw_fedhas, minmay_temple_entry_hall, uniq_eustachio
D:5:      chequers_temple_overflow_minitemple, nicolae_ossuary_entry_catacombs,
          uniq_pikel, uniq_crazy_yiuf_cottage, uniq_blork_the_orc
D:6:      serial_shops, nicolae_shop_trees
D:7:      uniq_menkaure, uniq_duvessa, uniq_prince_ribbit1
D:8:      kennysheep_little_box, david_nohive_1, uniq_grum, uniq_maurice
D:9:      led_sif_book, uniq_joseph, uniq_erolcha, uniq_erica
D:11:     lair_entry_dummy
D:12:     kennysheep_orc_monster_closet_entryway, nzn_random_ring, uniq_nessos
D:13:     lightli_vaults_fourway_checkpoint, gammafunk_ghost_grave,
          serial_shops, bzr_firewalk, shop_fountains, grunt_dithmenos_shadows,
          uniq_rupert, uniq_urug, uniq_snorg
Temple:   regret_index_temple_sphere_string
Ossuary:  ossuary_tomb_2

Skill      XL: |  1  2  3  4  5  6  7  8  9 10 11 12 |
---------------+-------------------------------------+-----
Polearms       | 5 6 8 9 12 13 14 16 18 | 18.1
Fighting       | 3 4 5 6 7 8 10 | 10.0
Dodging        | 5 6 |  6.7
Stealth        | 1 2 3 4 |  4.7
Armour         | 1 2 3 4 6 8 9 |  9.2
Evocations     | 1 |  1.6
Throwing       | |  2.2

Action                   |  1- 3 |  4- 6 |  7- 9 | 10-12 || total
-------------------------+-------+-------+-------+-------++-------
Melee: Trident           |   109 |   127 |   664 |   268 ||  1168
       Tailslap          |       |     1 |       |       ||     1
       Spear             |       |       |     9 |       ||     9
       Glaive            |       |       |       |   687 ||   687
Invok: Lunge             |       |       |     7 |    29 ||    36
       Whirlwind         |       |       |    13 |   322 ||   335
       Wall Jump         |       |       |       |    20 ||    20
Evoke: Wand              |       |       |     1 |    10 ||    11
  Use: Scroll            |     1 |       |     8 |    17 ||    26
       Potion            |       |     1 |     2 |     2 ||     5
 Stab: Sleeping          |     3 |     4 |     1 |       ||     8
       Invisible         |       |     4 |     1 |       ||     5
       Distracted        |       |       |     1 |       ||     1
       Paralysed         |       |       |     2 |    11 ||    13
  Eat: Chunk             |     1 |     4 |    11 |    24 ||    40
       Ration            |       |       |     1 |     1 ||     2
Armor: Leather armour    |    21 |    18 |     3 |       ||    42
       Plate armour      |       |       |   270 |   467 ||   737
Dodge: Dodged            |    64 |    78 |   166 |   348 ||   656

Table legend:
 A = Spawn XP
 B = Non-spawn XP
 C = Spawn XP percentage of total XP
 D = Spawn monster count
 E = Non-spawn monster count
 F = Spawn count percentage of total count
 G = Total turns spent on level
                    A         B        C        D         E        F      G
               +---------+---------+-------+---------+---------+-------+---------
         Total |       0 |   29809 |   0.0 |       0 |     376 |   0.0 | 14536
               +---------+---------+-------+---------+---------+-------+---------
           D:1 |       0 |      32 |   0.0 |       0 |      16 |   0.0 |   733
           D:2 |       0 |     182 |   0.0 |       0 |      25 |   0.0 |   805
           D:3 |       0 |     124 |   0.0 |       0 |      26 |   0.0 |   970
           D:4 |       0 |     664 |   0.0 |       0 |      18 |   0.0 |  1217
           D:5 |       0 |    1720 |   0.0 |       0 |      30 |   0.0 |  1579
           D:6 |       0 |     711 |   0.0 |       0 |      19 |   0.0 |   838
           D:7 |       0 |    1767 |   0.0 |       0 |      30 |   0.0 |  1323
           D:8 |       0 |    2826 |   0.0 |       0 |      29 |   0.0 |  2124
           D:9 |       0 |    3089 |   0.0 |       0 |      16 |   0.0 |   819
          D:10 |       0 |    2344 |   0.0 |       0 |      15 |   0.0 |   669
          D:11 |       0 |    3530 |   0.0 |       0 |      51 |   0.0 |  1209
          D:12 |       0 |   10400 |   0.0 |       0 |      52 |   0.0 |  1334
          D:13 |       0 |    2009 |   0.0 |       0 |      10 |   0.0 |   400
       Ossuary |       0 |     411 |   0.0 |       0 |      39 |   0.0 |   372
               +---------+---------+-------+---------+---------+-------+---------
